 Dungeon Crawl Stone Soup version 0.29.1-1-gd02db6906a (webtiles) character file.

Game seed: 16899415351827809852

44 Sabo the Digger (level 3, -1/19 HPs)
             Began as a Deep Elf Earth Elementalist on Oct 16, 2022.
             Succumbed to an adder's poison
             ... on level 2 of the Dungeon.
             The game lasted 00:06:56 (1499 turns).

Sabo the Digger (Deep Elf Earth Elementalist)       Turns: 1499, Time: 00:06:57

Health: -1/19      AC:  2    Str:  5    XL:     3   Next: 39%
Magic:  8/10       EV: 12    Int: 21    God:
Gold:   60         SH:  0    Dex: 15    Spells: 8/9 levels left

rFire   . . .      SeeInvis .   e - +0 rapier
rCold   . . .      Faith    .   (no shield)
rNeg    . . .      Spirit   .   a - +0 robe
rPois   .          Reflect  .   (no helmet)
rElec   .          Harm     .   (no cloak)
rCorr   .          Rampage  .   (no gloves)
Will    .....                   (no boots)
Stlth   ++........              (no amulet)
HPRegen 0.06/turn               (no ring)
MPRegen 0.12/turn               (no ring)

@: lethally poisoned (-1 -> -8)
A: no striking features
a: no special abilities


You were on level 2 of the Dungeon.
You visited 1 branch of the dungeon, and saw 2 of its levels.

You collected 60 gold pieces.

Inventory:

Hand Weapons
 e - a +0 rapier (weapon)
 f - a +0 hand axe
Armour
 a - a +0 robe (worn)
 k - a +0 leather armour
Scrolls
 d - a scroll of teleportation {unknown}
 g - a scroll of enchant armour {unknown}
 h - a scroll of blinking {unknown}
 j - a scroll of vulnerability {unknown}
Potions
 b - a potion of magic
 c - a potion of cancellation {unknown}
 i - a potion of haste {unknown}
 l - a potion of curing {unknown}


   Skills:
 + Level 0.2 Short Blades
 + Level 2.5 Dodging
 + Level 3.0 Stealth
 + Level 3.6 Spellcasting
 + Level 1.1 Transmutations
 + Level 4.2 Earth Magic


You had 8 spell levels left.
You knew the following spells:

 Your Spells              Type           Power      Damage    Failure   Level
a - Sandblast             Erth           42%        2d11      2%          1

Your spell library contained the following spells:

 Spells                   Type           Power      Damage    Failure   Level
 Passwall                 Tmut/Erth      12%        N/A       6%          2
 Stone Arrow              Conj/Erth      24%        3d8       16%         3
 Petrify                  Tmut/Erth      15%        N/A       38%         4


Dungeon Overview and Level Annotations

Branches:
Dungeon (2/15)

Altars:


Message History

The adder is severely wounded.
The adder bites you.
You are poisoned.
The adder poisons you!
Casting: Sandblast (safe; 2% risk of failure)
Confirm with . or Enter, or press ? or * to list all spells.
Aiming: Sandblast (safe; 2% risk of failure)
Press: ? - help, Shift-Dir - straight line, f/p - adder
Aim: an adder (severely wounded, 72% to hit)
The blast of sand hits the adder but does no damage.
The adder is severely wounded.
You feel sick. The adder bites you.
You are more poisoned.
The adder poisons you! The adder bites you but does no damage.
Casting: Sandblast (safe; 2% risk of failure)
Confirm with . or Enter, or press ? or * to list all spells.
Aiming: Sandblast (safe; 2% risk of failure)
Press: ? - help, Shift-Dir - straight line, f/p - adder
Aim: an adder (severely wounded, 72% to hit)
The blast of sand misses the adder.
You feel very sick. The adder misses you. The adder closely misses you.
You miss the adder.
The adder is severely wounded.
You feel sick. The adder bites you.
You are lethally poisoned!
The adder poisons you! The adder completely misses you.
You completely miss the adder.
The adder is severely wounded.
* * * LOW HITPOINT WARNING * * *
You feel very sick. The adder bites you but does no damage.
You closely miss the adder.
The adder is severely wounded.
* * * LOW HITPOINT WARNING * * *
You feel sick. The adder barely misses you.
The adder bites you but does no damage.
You miss the adder.
The adder is severely wounded.
You die...

#.....#####.#####.###
#.###.#####.####.....
#......####.####)....
#######.#####.#.....†..
#>............#........
##...#######..###.#####
###...# ##..##.# ###.#
##.##.# #@# #.##.#####
#S.# #.##...... ...#
#..#...... ....#
##.#...... ......
#.#...... ........
.###.#...... #........
............
#.").......####.......
#......)..


You could see an adder.

Vanquished Creatures
  An adder (D:2)
  3 dart slugs
  4 endoplasms
  A giant cockroach (D:2)
  3 goblins
  2 hobgoblins
  4 kobolds
  A quokka (D:1)
  3 bats (D:1)
  4 rats (D:1)
26 creatures vanquished.

Notes
Turn   | Place    | Note
-------+----------+-------------------------------------------
     0 | D:1      | Sabo the Deep Elf Earth Elementalist began the quest for
                  | the Orb.
     0 | D:1      | Reached XP level 1. HP: 10/10 MP: 6/6
   360 | D:1      | Reached XP level 2. HP: 15/15 MP: 6/8
  1012 | D:2      | Reached skill level 4 in Earth Magic
  1248 | D:2      | Reached XP level 3. HP: 19/19 MP: 8/10
  1499 | D:2      | Succumbed to an adder's poison

Illustrated notes

Levels and vault maps discovered:
D:1:      lightli_arrival_noodles, layout_basic, minmay_misc_feat_encased
D:2:      minmay_angry_zag, layout_basic,
          hellmonk_ecumenical_altar_leap_of_faith, minivault_19,
          reono_crystal_passage, uniq_sigmund, uniq_natasha,
          uniq_crazy_yiuf_cottage

Skill      XL: |  1  2 |
---------------+-------+-----
Earth Magic    | 4 |  4.2
Stealth        | 3 |  3.0
Short Blades   | |  0.2
Dodging        | |  2.5
Spellcasting   | |  3.6
Transmutations | |  1.1

Action                   || total
-------------------------++-------
Melee: Whip              ||     5
       Rapier            ||    13
 Cast: Sandblast         ||    34
Armor: Robe              ||     5
Dodge: Dodged            ||    11
